 Dungeon Crawl Stone Soup version 0.24-a0-170-gd8427f5 (webtiles) character file.

Game seed: 14983982073153824377

1190 silenth the Twirler (level 8, -12/60 HPs)
             Began as a Gnoll Wanderer on Mar 9, 2019.
             Was a Follower of Okawaru.
             Mangled by an orc warrior
             ... wielding a +0 halberd
              (20 damage)
             ... on level 5 of the Dungeon.
             The game lasted 00:08:57 (4181 turns).

silenth the Twirler (Gnoll Wanderer)                Turns: 4181, Time: 00:08:57

Health: -12/60     AC:  6    Str: 16    XL:     8   Next: 43%
Magic:  12/12      EV: 14    Int: 15    God:    Okawaru [*.....]
Gold:   266        SH:  0    Dex: 15    Spells: 10/13 levels left

rFire    . . .     SeeInvis .   a - +2 quarterstaff (chaos)
rCold    . . .     Gourm    .   (shield currently unavailable)
rNeg     . . .     Faith    .   E - +0 troll leather armour {Purgy}
rPois    .         Spirit   .   B - +0 helmet
rElec    .         Reflect  .   H - +0 cloak
rCorr    .         Harm     .   (no gloves)
MR       .....                  (no boots)
Stlth    ++........             (no amulet)
HPRegen  0.60/turn              (no ring)
MPRegen  0.13/turn              (no ring)

@: no status effects
A: distributed training, fangs 1, strong nose
a: Heroism, Renounce Religion


You were on level 5 of the Dungeon.
You worshipped Okawaru.
Okawaru was aware of your devotion.
You were not hungry.

You visited 1 branch of the dungeon, and saw 5 of its levels.
You also visited: Sewer.

You collected 266 gold pieces.

Inventory:

Hand Weapons
 a - a +2 quarterstaff of chaos (weapon)
 b - a +0 blowgun
 u - a +0 falchion
 F - a +2 dagger of speed
 G - a +2 quarterstaff
Missiles
 v - 30 poisoned needles
 w - 4 needles of sleeping
 A - 7 tomahawks (quivered)
Armour
 g - a +0 ring mail
 B - a +0 helmet (worn)
 E - a +0 troll leather armour (worn) {Purgy}
 H - a +0 cloak (worn)
Wands
 d - a wand of scattershot (5)
Scrolls
 c - 4 scrolls of teleportation
 f - 2 scrolls of noise {unknown}
 i - 2 scrolls of identify
 m - a scroll of random uselessness {unknown}
 n - 3 scrolls of enchant weapon {unknown}
 o - 3 scrolls of amnesia {unknown}
 q - a scroll of immolation {unknown}
 r - a scroll of remove curse
 s - 2 scrolls of blinking
 y - a scroll of enchant armour {unknown}
Potions
 h - a potion of invisibility
 j - 4 potions of curing {unknown}
 k - 2 potions of heal wounds
 l - a potion of lignification
 p - 2 potions of berserk rage
 t - 2 potions of haste
 x - 2 potions of brilliance
 z - a potion of magic
 C - 4 potions of might {unknown}
 D - 2 potions of flight {unknown}
Comestibles
 e - 5 rations


   Skills:
 + Level 4.1 Fighting
 + Level 3.2 Short Blades
 + Level 3.2 Long Blades
 + Level 3.2 Axes
 + Level 3.2 Maces & Flails
 + Level 3.2 Polearms
 + Level 5.6 Staves
 + Level 3.2 Slings
 + Level 3.2 Bows
 + Level 3.2 Crossbows
 + Level 3.2 Throwing
 + Level 3.2 Armour
 + Level 4.1 Dodging
 + Level 4.0 Stealth
 + Level 4.1 Shields
 + Level 3.2 Unarmed Combat
 + Level 3.2 Spellcasting
 + Level 2.6 Conjurations
 + Level 2.6 Hexes
 + Level 2.6 Charms
 + Level 2.6 Summonings
 + Level 2.6 Necromancy
 + Level 2.6 Translocations
 + Level 4.6 Transmutations
 + Level 2.6 Fire Magic
 + Level 3.4 Ice Magic
 + Level 2.6 Air Magic
 + Level 2.6 Earth Magic
 + Level 2.6 Poison Magic
 + Level 3.5 Invocations
 + Level 4.1 Evocations


You had 10 spell levels left.
You knew the following spells:

 Your Spells              Type           Power        Failure   Level  Hunger
a - Confuse               Hex            ##......     24%         3    ###....

Your spell library contained the following spells:

 Spells                   Type           Power        Failure   Level  Hunger
 Corona                   Hex            ##.....      8%          1    #......
 Ensorcelled Hibernation  Hex/Ice        ##....       10%         2    ##.....
 Dazzling Spray           Conj/Hex       ##....       24%         3    ###....
 Tukima's Dance           Hex            ##......     24%         3    ###....


Dungeon Overview and Level Annotations

Branches:
Dungeon (5/15)             Temple (0/1) D:4

Altars:
Ashenzari
Makhleb
Nemelex Xobeh
Okawaru
Ru
Sif Muna
Xom
Yredelemnul

Annotations:
D:5 1 transporter, exclusion: door, zbzbzb's ghost, novice DEWz


Innate Abilities, Weirdness & Mutations

Your experience applies equally to all skills.
You have very sharp teeth.
Your uncanny sense of smell can sniff out nearby items.


Message History

The orc warrior hits you with a +0 halberd.
You hit the orc warrior but do no damage.
The orc warrior is heavily wounded.
The orc warrior hits you with a +0 halberd!
You hit the orc warrior.
The orc warrior is heavily wounded.
The orc warrior hits you with a +0 halberd!
You are too injured to fight recklessly!
You are too injured to fight recklessly!
You are too injured to fight recklessly!
You closely miss the orc warrior.
The orc warrior is heavily wounded.
The orc warrior hits you with a +0 halberd!!
* * * LOW HITPOINT WARNING * * *
You closely miss the orc warrior.
The orc warrior is heavily wounded.
The orc warrior hits you with a +0 halberd!
* * * LOW HITPOINT WARNING * * *
The orc warrior hits you from afar with a +0 halberd!!
You die...

########..##
#.###....##.......
#....))....# #.#
#.#.###.######
#.######†..# #.#
#.#........... #...# #.#
#.##.▒▒▒▒▒▒▒▒▒
#...####†###.##.▒ZW......
#...#........##.▒z.......
#...#.##<##..##.▒..▒▒▒.▒▒
#...# #.# ..##.▒..▒ .▒8
...# #@# #..▒... .? #.#
..©▒.... . #o# . ..# 8
#..# .... . ##..# . ...#
▒ #.## .


You could see an orc warrior.

Vanquished Creatures
  Sigmund (D:4)
  A spriggan (shapeshifter) (D:5)
  Purgy (Sewer)
  A phantom (D:4)
  An ogre (D:5)
  2 water moccasin zombies (D:5)
  A howler monkey (D:4)
  2 orc priests (D:4)
  4 orc wizards
  Crazy Yiuf (D:4)
  A worker ant (D:4)
  A hound skeleton (D:5)
  4 gnolls
  6 adders
  A river rat (D:3)
  4 worms
  3 dart slugs
  3 leopard geckos
  17 orcs
  13 bats
  A giant cockroach (D:3)
  9 goblins
  2 hobgoblins (D:1)
  10 jackals (D:2)
  7 kobolds
  A quokka (D:2)
  3 ball pythons
  10 frilled lizards
  2 leopard gecko skeletons (D:4)
  9 rats
  A butterfly (D:4)
123 creatures vanquished.

Notes
Turn   | Place    | Note
-------+----------+-------------------------------------------
     0 | D:1      | silenth the Gnoll Wanderer began the quest for the Orb.
     0 | D:1      | silenth set off with the following items: a +2
                  | quarterstaff, a +0 falchion, a scroll of teleportation, a
                  | +0 robe, a ration
     0 | D:1      | Reached XP level 1. HP: 17/17 MP: 2/2
     6 | D:1      | Noticed an iguana
     6 | D:1      | Noticed a redback
     7 | D:1      | Noticed a six-headed hydra
     7 | D:1      | Noticed an anaconda
    67 | D:1      | Reached skill level 2 in Ice Magic
   110 | D:1      | Reached XP level 2. HP: 18/23 MP: 3/3
   394 | D:1      | Reached XP level 3. HP: 23/28 MP: 4/4
   599 | D:2      | Reached skill level 1 in Invocations
   768 | D:2      | Found a sacrificial altar of Ru.
   817 | D:2      | Reached skill level 1 in Short Blades
   817 | D:2      | Reached skill level 1 in Long Blades
   817 | D:2      | Reached skill level 1 in Axes
   817 | D:2      | Reached skill level 1 in Maces & Flails
   817 | D:2      | Reached skill level 1 in Polearms
   817 | D:2      | Reached skill level 1 in Slings
   817 | D:2      | Reached skill level 1 in Bows
   817 | D:2      | Reached skill level 1 in Crossbows
   817 | D:2      | Reached skill level 1 in Throwing
   817 | D:2      | Reached skill level 1 in Armour
   817 | D:2      | Reached skill level 1 in Unarmed Combat
   817 | D:2      | Reached skill level 1 in Spellcasting
   817 | D:2      | Reached XP level 4. HP: 32/34 MP: 4/6
  1307 | D:3      | Reached skill level 1 in Conjurations
  1307 | D:3      | Reached skill level 1 in Hexes
  1307 | D:3      | Reached skill level 1 in Charms
  1307 | D:3      | Reached skill level 1 in Summonings
  1307 | D:3      | Reached skill level 1 in Necromancy
  1307 | D:3      | Reached skill level 1 in Translocations
  1307 | D:3      | Reached skill level 1 in Fire Magic
  1307 | D:3      | Reached skill level 1 in Air Magic
  1307 | D:3      | Reached skill level 1 in Earth Magic
  1307 | D:3      | Reached skill level 1 in Poison Magic
  1313 | D:3      | Reached XP level 5. HP: 7/40 MP: 7/7
  1343 | D:3      | HP: 4/40 [poisoned by a kobold]
  1463 | D:3      | Found a burning altar of Makhleb.
  1467 | D:3      | Found a deep blue altar of Sif Muna.
  1476 | D:3      | Found an iron altar of Okawaru.
  1501 | D:3      | Became a worshipper of Warmaster Okawaru
  1624 | D:3      | Found a glowing drain.
  1662 | D:3      | Reached skill level 3 in Fighting
  1662 | D:3      | Reached skill level 3 in Dodging
  1662 | D:3      | Reached skill level 3 in Shields
  1662 | D:3      | Reached skill level 3 in Evocations
  1755 | Sewer    | Entered a sewer
  1940 | Sewer    | Reached skill level 4 in Transmutations
  2129 | Sewer    | Noticed Purgy
  2143 | Sewer    | Killed Purgy
  2143 | Sewer    | Reached skill level 3 in Stealth
  2143 | Sewer    | Reached skill level 2 in Invocations
  2143 | Sewer    | Reached XP level 6. HP: 44/47 MP: 8/8
  2670 | D:3      | Found a basalt altar of Yredelemnul.
  2835 | D:4      | Reached skill level 5 in Staves
  2841 | D:4      | Reached skill level 2 in Short Blades
  2841 | D:4      | Reached skill level 2 in Long Blades
  2841 | D:4      | Reached skill level 2 in Axes
  2841 | D:4      | Reached skill level 2 in Maces & Flails
  2841 | D:4      | Reached skill level 2 in Polearms
  2841 | D:4      | Reached skill level 2 in Slings
  2841 | D:4      | Reached skill level 2 in Bows
  2841 | D:4      | Reached skill level 2 in Crossbows
  2841 | D:4      | Reached skill level 2 in Throwing
  2841 | D:4      | Reached skill level 2 in Armour
  2841 | D:4      | Reached skill level 2 in Unarmed Combat
  2841 | D:4      | Reached skill level 2 in Spellcasting
  2992 | D:4      | Found a staircase to the Ecumenical Temple.
  3049 | D:4      | Noticed Sigmund
  3066 | D:4      | Killed Sigmund
  3066 | D:4      | Reached XP level 7. HP: 52/52 MP: 10/10
  3075 | D:4      | Learned a level 3 spell: Confuse
  3212 | D:4      | Reached * piety under Okawaru
  3212 | D:4      | Reached skill level 2 in Conjurations
  3212 | D:4      | Reached skill level 2 in Hexes
  3212 | D:4      | Reached skill level 2 in Charms
  3212 | D:4      | Reached skill level 2 in Summonings
  3212 | D:4      | Reached skill level 2 in Necromancy
  3212 | D:4      | Reached skill level 2 in Translocations
  3212 | D:4      | Reached skill level 2 in Fire Magic
  3212 | D:4      | Reached skill level 2 in Air Magic
  3212 | D:4      | Reached skill level 2 in Earth Magic
  3212 | D:4      | Reached skill level 2 in Poison Magic
  3223 | D:4      | Reached skill level 3 in Ice Magic
  3367 | D:4      | Found a shattered altar of Ashenzari.
  3390 | D:4      | Found a sparkling altar of Nemelex Xobeh.
  3400 | D:4      | Reached skill level 3 in Invocations
  3703 | D:4      | Found a runed translucent door.
  3704 | D:4      | Noticed Crazy Yiuf
  3712 | D:4      | Killed Crazy Yiuf
  3827 | D:5      | Entered Level 5 of the Dungeon
  3881 | D:5      | Found a shimmering altar of Xom.
  3904 | D:5      | Reached XP level 8. HP: 54/60 MP: 12/12
  3914 | D:5      | Reached skill level 4 in Fighting
  3914 | D:5      | Reached skill level 3 in Short Blades
  3914 | D:5      | Reached skill level 3 in Long Blades
  3914 | D:5      | Reached skill level 3 in Axes
  3914 | D:5      | Reached skill level 3 in Maces & Flails
  3914 | D:5      | Reached skill level 3 in Polearms
  3914 | D:5      | Reached skill level 3 in Slings
  3914 | D:5      | Reached skill level 3 in Bows
  3914 | D:5      | Reached skill level 3 in Crossbows
  3914 | D:5      | Reached skill level 3 in Throwing
  3914 | D:5      | Reached skill level 3 in Armour
  3914 | D:5      | Reached skill level 4 in Dodging
  3914 | D:5      | Reached skill level 4 in Shields
  3914 | D:5      | Reached skill level 3 in Unarmed Combat
  3914 | D:5      | Reached skill level 3 in Spellcasting
  3914 | D:5      | Reached skill level 4 in Evocations
  4063 | D:5      | Found a deep blue altar of Sif Muna.
  4094 | D:5      | Found a transporter.
  4094 | D:5      | Noticed zbzbzb's ghost (novice DEWz)
  4134 | D:5      | Noticed a glowing shapeshifter
  4134 | D:5      | a dart slug changed into a glowing shapeshifter
  4134 | D:5      | Noticed an elephant
  4134 | D:5      | a glowing shapeshifter changed into an elephant
  4141 | D:5      | Noticed a tarantella
  4141 | D:5      | an elephant changed into a tarantella
  4142 | D:5      | Noticed a yaktaur
  4142 | D:5      | a tarantella changed into a yaktaur
  4143 | D:5      | Noticed a wind drake
  4143 | D:5      | a yaktaur changed into a wind drake
  4146 | D:5      | Noticed a fire crab
  4146 | D:5      | a wind drake changed into a fire crab
  4151 | D:5      | Noticed a spriggan
  4155 | D:5      | Killed a spriggan
  4155 | D:5      | Reached skill level 4 in Stealth
  4181 | D:5      | Mangled by an orc warrior

Levels and vault maps discovered:
D:1:      onia_arrival_zoo_common, layout_basic
D:2:      layout_loops_ring, nicolae_ru_path_of_blood, kennysheep_generic_room_4
D:3:      wad_pebble_path, layout_basic, grunt_temple_overflow_open,
          lemuel_round_altar, portal_sewer_entry_c, first_ration, serial_glass,
          glass_columns_a, glass_columns_b
D:4:      layout_basic, ashenzari_altar_1, nemelex_xobeh_ov_fountains_minmay,
          minmay_temple_entry_butterflies, uniq_sigmund, uniq_crazy_yiuf_cottage
D:5:      layout_loops_ring, old_standard_altar, gammafunk_ghost_mausoleum,
          hangedman_decor_points, led_sif_book
Sewer:    sewer_co_purgy_island

Skill      XL: |  1  2  3  4  5  6  7  8 |
---------------+-------------------------+-----
Ice Magic      | 2 3 |  3.4
Invocations    | 1 2 3 |  3.5
Short Blades   | 1 2 3 |  3.2
Long Blades    | 1 2 3 |  3.2
Axes           | 1 2 3 |  3.2
Maces & Flails | 1 2 3 |  3.2
Polearms       | 1 2 3 |  3.2
Slings         | 1 2 3 |  3.2
Bows           | 1 2 3 |  3.2
Crossbows      | 1 2 3 |  3.2
Throwing       | 1 2 3 |  3.2
Armour         | 1 2 3 |  3.2
Unarmed Combat | 1 2 3 |  3.2
Spellcasting   | 1 2 3 |  3.2
Conjurations   | 1 2 |  2.6
Hexes          | 1 2 |  2.6
Charms         | 1 2 |  2.6
Summonings     | 1 2 |  2.6
Necromancy     | 1 2 |  2.6
Translocations | 1 2 |  2.6
Fire Magic     | 1 2 |  2.6
Air Magic      | 1 2 |  2.6
Earth Magic    | 1 2 |  2.6
Poison Magic   | 1 2 |  2.6
Fighting       | 3 4 |  4.1
Dodging        | 3 4 |  4.1
Shields        | 3 4 |  4.1
Evocations     | 3 4 |  4.1
Transmutations | 4 |  4.6
Stealth        | 3 4 |  4.0
Staves         | 5 |  5.6

Action                   |  1- 3 |  4- 6 |  7- 9 || total
-------------------------+-------+-------+-------++-------
Melee: Quarterstaff      |    75 |   216 |   107 ||   398
       Bite              |     8 |    23 |    11 ||    42
Evoke: Wand              |       |       |     1 ||     1
  Use: Potion            |       |     3 |       ||     3
       Scroll            |       |     7 |     1 ||     8
 Stab: Sleeping          |     2 |     1 |     1 ||     4
  Eat: Chunk             |       |     2 |     2 ||     4
       Ration            |       |     2 |       ||     2
Armor: Ring mail         |    25 |    70 |       ||    95
       Robe              |     1 |       |       ||     1
       Troll leather arm |       |     7 |    20 ||    27
Dodge: Dodged            |    49 |   170 |    62 ||   281

Table legend:
 A = Non-vault XP
 B = Vault XP
 C = Vault XP percentage of total XP
 D = Non-vault monster count
 E = Vault monster count
 F = Vault count percentage of total count
                 A         B        C        D         E       F
            +---------+---------+-------+---------+---------+-------
      Total |    1253 |     447 |  26.3 |     106 |      16 |  13.1
            +---------+---------+-------+---------+---------+-------
        D:1 |      51 |       0 |   0.0 |      23 |       0 |   0.0
        D:2 |      65 |       0 |   0.0 |      26 |       0 |   0.0
        D:3 |     107 |      17 |  13.7 |      24 |       5 |  17.2
        D:4 |     451 |     270 |  37.4 |      20 |       2 |   9.1
        D:5 |     579 |       0 |   0.0 |      13 |       0 |   0.0
      Sewer |       0 |     160 | 100.0 |       0 |       9 | 100.0
            +---------+---------+-------+---------+---------+-------
